TOP OF THE 1ST |
Colorado Commanders batting - Pitching for Seattle Rainiers : RHP Brandon Sweet
|
Pitching: RHP Brandon Sweet
|
|
Batting: RHB Tim Adkins
|
0-0: Foul Ball, location: 2F 0-1: Ground out 4-3 (Groundball, 34)
|
Batting: RHB Alberto Soto
|
0-0: SOLO HOME RUN (Flyball, 7D), Distance : 386 ft
|
Batting: SHB Theodore Cook
|
0-0: Ball 1-0: Ball 2-0: Called Strike 2-1: Ground out 1-3 (Groundball, 25)
|
Batting: RHB Roberto Rodríguez
|
0-0: Swinging Strike 0-1: Called Strike 0-2: Strikes out swinging
|
Top of the 1st over - 1 run(s), 1 hit(s), 0 error(s), 0 left on base; Colorado 1 - Seattle 0 |
BOTTOM OF THE 1ST |
Seattle Rainiers batting - Pitching for Colorado Commanders : RHP Eddie Huber
|
Pitching: RHP Eddie Huber
|
|
Batting: RHB Alfredo Farías
|
0-0: Ball 1-0: Ball 2-0: Swinging Strike 2-1: Ball 3-1: Swinging Strike 3-2: Strikes out swinging
|
Batting: LHB Mike White
|
0-0: Ball 1-0: Ball 2-0: Called Strike 2-1: Foul Ball, location: 2F 2-2: Ball 3-2: Foul Ball, location: 2F 3-2: Foul Ball, location: 2F 3-2: Fly out, F7 (Flyball, 7M)
|
Batting: RHB Enrique Mendoza
|
0-0: Foul Ball, location: 2F 0-1: Swinging Strike 0-2: Ball 1-2: Strikes out swinging
|
Bottom of the 1st over - 0 run(s), 0 hit(s), 0 error(s), 0 left on base; Colorado 1 - Seattle 0 |
TOP OF THE 2ND |
Colorado Commanders batting - Pitching for Seattle Rainiers : RHP Brandon Sweet
|
Batting: RHB Gerald Johnson
|
0-0: Foul Ball, location: 2F 0-1: Ball 1-1: Foul Ball, location: 2F 1-2: Foul Ball, location: 2F 1-2: Ball 2-2: Ball 3-2: Base on Balls
|
Batting: RHB Chris Rice
|
0-0: Called Strike 0-1: Foul Ball, location: 2F 0-2: Strikes out swinging
|
Batting: RHB Frank Martínez
|
0-0: Ball 1-0: Ball 2-0: Ball 3-0: Base on Balls Gerald Johnson to second
|
Batting: RHB Nick Crosby
|
0-0: Called Strike 0-1: Ball 1-1: Ball 2-1: Called Strike 2-2: Ball 3-2: Strikes out swinging
|
Batting: RHB Adam Reeves
|
0-0: Swinging Strike 0-1: Called Strike 0-2: Ball 1-2: Foul Ball, location: 2F 1-2: Foul Ball, location: 2F 1-2: Strikes out swinging
|
Top of the 2nd over - 0 run(s), 0 hit(s), 0 error(s), 2 left on base; Colorado 1 - Seattle 0 |
BOTTOM OF THE 2ND |
Seattle Rainiers batting - Pitching for Colorado Commanders : RHP Eddie Huber
|
Batting: LHB Alan Moore
|
0-0: Ball 1-0: Ball 2-0: Ball 3-0: Base on Balls
|
Batting: RHB Robert Marks
|
0-0: Ball 1-0: Called Strike 1-1: Foul Ball, location: 2F 1-2: SINGLE (Line Drive, 4D) Alan Moore to second Throwing error, E9 Alan Moore scores Robert Marks to second
|
Batting: LHB Will Hill
|
0-0: Ball 1-0: Ground out 1-3 (Groundball, 13) Robert Marks to third
|
Batting: RHB Howard Russell
|
0-0: Ground out 2-3 (Groundball, 2L)
|
Batting: RHB Albert Cordero
|
0-0: Fly out, F8 (Flyball, 8LM)
|
Bottom of the 2nd over - 1 run(s), 1 hit(s), 1 error(s), 1 left on base; Colorado 1 - Seattle 1 |
TOP OF THE 3RD |
Colorado Commanders batting - Pitching for Seattle Rainiers : RHP Brandon Sweet
|
Batting: RHB Tim Adkins
|
0-0: Ball 1-0: Ball 2-0: Foul Ball, location: 2F 2-1: Called Strike 2-2: Strikes out swinging
|
Batting: RHB Alberto Soto
|
0-0: Swinging Strike 0-1: Ball 1-1: Ball 2-1: Foul Ball, location: 2F 2-2: Foul Ball, location: 2F 2-2: Foul Ball, location: 2F 2-2: Ball 3-2: Foul Ball, location: 2F 3-2: Base on Balls
|
Batting: SHB Theodore Cook
|
0-0: Ball 1-0: Ball 2-0: Ball 3-0: Called Strike 3-1: Grounds into double play, 4-6-3 (Groundball, 4)
|
Top of the 3rd over - 0 run(s), 0 hit(s), 0 error(s), 0 left on base; Colorado 1 - Seattle 1 |
BOTTOM OF THE 3RD |
Seattle Rainiers batting - Pitching for Colorado Commanders : RHP Eddie Huber
|
Batting: RHB John Hill
|
0-0: Ball 1-0: Swinging Strike 1-1: Ground out 6-3 (Groundball, 6M)
|
Batting: RHB Alfredo Farías
|
0-0: Ball 1-0: Ball 2-0: Foul Ball, location: 2F 2-1: Ball 3-1: Foul Ball, location: 2F 3-2: Base on Balls
|
Batting: LHB Mike White
|
0-0: Called Strike 0-1: Ball 1-1: Called Strike 1-2: Ball 2-2: Ball 3-2: Base on Balls Alfredo Farías to second
|
Batting: RHB Enrique Mendoza
|
0-0: Called Strike Alfredo Farías steals 3rd base Mike White to second 0-1: Ball 1-1: Ball 2-1: Ball 3-1: Fly out, F9 (Flyball, 89D) Runner from 3rd tags up, SCORES, no throw Mike White to third
|
Batting: LHB Alan Moore
|
0-0: Ball 1-0: Swinging Strike 1-1: Foul Ball, location: 2F 1-2: Ball 2-2: Foul Ball, location: 2F 2-2: Ball 3-2: Foul Ball, location: 2F 3-2: Ground out 4-3 (Groundball, 4)
|
Bottom of the 3rd over - 1 run(s), 0 hit(s), 0 error(s), 1 left on base; Colorado 1 - Seattle 2 |
TOP OF THE 4TH |
Colorado Commanders batting - Pitching for Seattle Rainiers : RHP Brandon Sweet
|
Batting: RHB Roberto Rodríguez
|
0-0: Ball 1-0: Ball 2-0: Ball 3-0: Called Strike 3-1: Foul Ball, location: 2F 3-2: Strikes out looking
|
Batting: RHB Gerald Johnson
|
0-0: Ball 1-0: Ball 2-0: Ball 3-0: Base on Balls
|
Batting: RHB Chris Rice
|
0-0: Called Strike 0-1: Fly out, F9 (Flyball, 9M)
|
Batting: RHB Frank Martínez
|
0-0: Ball 1-0: Ball 2-0: Called Strike 2-1: Ball 3-1: Base on Balls Gerald Johnson to second
|
Batting: RHB Nick Crosby
|
0-0: Ball 1-0: Foul Ball, location: 2F 1-1: Ball 2-1: Swinging Strike 2-2: Ball 3-2: Strikes out looking
|
Top of the 4th over - 0 run(s), 0 hit(s), 0 error(s), 2 left on base; Colorado 1 - Seattle 2 |
BOTTOM OF THE 4TH |
Seattle Rainiers batting - Pitching for Colorado Commanders : RHP Eddie Huber
|
Batting: RHB Robert Marks
|
0-0: Ball 1-0: Ball 2-0: Swinging Strike 2-1: Ball 3-1: Base on Balls
|
Batting: LHB Will Hill
|
0-0: Called Strike 0-1: Ball 1-1: Swinging Strike 1-2: Foul Ball, location: 2F 1-2: Ball 2-2: Fly out, F6 (Popup, 6MD)
|
Batting: RHB Howard Russell
|
0-0: Foul Ball, location: 2F 0-1: Swinging Strike 0-2: Ball 1-2: Strikes out looking
|
Batting: RHB Albert Cordero
|
0-0: Called Strike 0-1: Fly out, F9 (Flyball, 89M)
|
Bottom of the 4th over - 0 run(s), 0 hit(s), 0 error(s), 1 left on base; Colorado 1 - Seattle 2 |
TOP OF THE 5TH |
Colorado Commanders batting - Pitching for Seattle Rainiers : RHP Brandon Sweet
|
Batting: RHB Adam Reeves
|
0-0: Ball 1-0: Called Strike 1-1: Foul Ball, location: 2F
|
|
|
|
1-2: Foul Ball, location: 2F 1-2: Ball 2-2: Strikes out swinging
|
Pitching: LHP William Gordon
|
|
Batting: RHB Tim Adkins
|
0-0: Called Strike 0-1: Swinging Strike 0-2: Ball 1-2: Ball 2-2: Strikes out swinging
|
Batting: RHB Alberto Soto
|
0-0: Ball 1-0: Called Strike 1-1: Swinging Strike 1-2: Foul Ball, location: 2F 1-2: Ball 2-2: Ball 3-2: Strikes out looking
|
Top of the 5th over - 0 run(s), 0 hit(s), 0 error(s), 0 left on base; Colorado 1 - Seattle 2 |
BOTTOM OF THE 5TH |
Seattle Rainiers batting - Pitching for Colorado Commanders : RHP Eddie Huber
|
Pitching: RHP Pedro Vélez
|
|
Batting: RHB John Hill
|
0-0: Ball 1-0: Swinging Strike 1-1: Foul Ball, location: 2F 1-2: Strikes out looking
|
Batting: RHB Alfredo Farías
|
0-0: Ball 1-0: Called Strike 1-1: Foul Ball, location: 2F 1-2: Ball 2-2: Ground out 6-3 (Groundball, 6)
|
Batting: LHB Mike White
|
0-0: Called Strike 0-1: Called Strike 0-2: Ball 1-2: Ball 2-2: Strikes out looking
|
Bottom of the 5th over - 0 run(s), 0 hit(s), 0 error(s), 0 left on base; Colorado 1 - Seattle 2 |
TOP OF THE 6TH |
Colorado Commanders batting - Pitching for Seattle Rainiers : LHP William Gordon
|
Batting: SHB Theodore Cook
|
0-0: Fly out, F9 (Flyball, 9S)
|
Batting: RHB Roberto Rodríguez
|
0-0: DOUBLE (Line Drive, 7LM)
|
Batting: RHB Gerald Johnson
|
0-0: Ball 1-0: Called Strike 1-1: Foul Ball, location: 2F 1-2: Strikes out swinging
|
Batting: RHB Chris Rice
|
0-0: Ball 1-0: Ball 2-0: Called Strike 2-1: Ball 3-1: Base on Balls
|
Batting: RHB Frank Martínez
|
0-0: Called Strike 0-1: Swinging Strike 0-2: Strikes out swinging
|
Top of the 6th over - 0 run(s), 1 hit(s), 0 error(s), 2 left on base; Colorado 1 - Seattle 2 |
BOTTOM OF THE 6TH |
Seattle Rainiers batting - Pitching for Colorado Commanders : RHP Pedro Vélez
|
Batting: RHB Enrique Mendoza
|
0-0: Foul Ball, location: 2F 0-1: Foul Ball, location: 2F 0-2: Fly out, F3 (Popup, 13)
|
Batting: LHB Alan Moore
|
0-0: Foul Ball, location: 2F 0-1: Called Strike 0-2: Ball 1-2: Strikes out looking
|
Batting: RHB Robert Marks
|
0-0: Called Strike 0-1: Ball 1-1: Foul Ball, location: 2F 1-2: Fly out, F8 (Flyball, 8LD)
|
Bottom of the 6th over - 0 run(s), 0 hit(s), 0 error(s), 0 left on base; Colorado 1 - Seattle 2 |
TOP OF THE 7TH |
Colorado Commanders batting - Pitching for Seattle Rainiers : LHP William Gordon
|
Batting: RHB Nick Crosby
|
0-0: Ball 1-0: Foul Ball, location: 2F 1-1: Fly out, F9 (Line Drive, 9M)
|
Pitching: RHP Dani Vásquez
|
|
Batting: RHB Adam Reeves
|
0-0: SINGLE (Line Drive, 34)
|
Batting: RHB Tim Adkins
|
0-0: Called Strike 0-1: Ball 1-1: Foul Ball, location: 2F 1-2: Foul Ball, location: 2F 1-2: Strikes out looking
|
Batting: RHB Alberto Soto
|
0-0: Ball 1-0: Ball 2-0: Foul Ball, location: 2F 2-1: Swinging Strike 2-2: Ball 3-2: Base on Balls Adam Reeves to second
|
Pinch Hitting: RHB Ricardo Remedios
|
0-0: Ball 1-0: Ball 2-0: 3-RUN HOME RUN (Flyball, 8RXD), Distance : 445 ft
|
Batting: RHB Roberto Rodríguez
|
0-0: Foul Ball, location: 2F 0-1: Swinging Strike 0-2: Ball 1-2: Ball 2-2: Ball 3-2: Strikes out swinging
|
Top of the 7th over - 3 run(s), 2 hit(s), 0 error(s), 0 left on base; Colorado 4 - Seattle 2 |
BOTTOM OF THE 7TH |
Seattle Rainiers batting - Pitching for Colorado Commanders : RHP Pedro Vélez
|
Pitching: LHP Manuel Reyes
|
|
Now in RF: Ricardo Remedios
|
|
Batting: LHB Will Hill
|
0-0: Called Strike 0-1: Ball 1-1: Called Strike 1-2: Ball 2-2: Ground out 4-3 (Groundball, 34)
|
Pitching: RHP Jesús Medina
|
|
Batting: RHB Howard Russell
|
0-0: Called Strike 0-1: Foul Ball, location: 2F 0-2: Ball 1-2: Ball 2-2: Ball 3-2: Ground out 4-3 (Groundball, 4M)
|
Batting: RHB Albert Cordero
|
0-0: Ball 1-0: Called Strike 1-1: Foul Ball, location: 2F 1-2: Strikes out looking
|
Bottom of the 7th over - 0 run(s), 0 hit(s), 0 error(s), 0 left on base; Colorado 4 - Seattle 2 |
TOP OF THE 8TH |
Colorado Commanders batting - Pitching for Seattle Rainiers : RHP Dani Vásquez
|
Batting: RHB Gerald Johnson
|
0-0: Ground out 6-3 (Groundball, 6)
|
Batting: RHB Chris Rice
|
0-0: Ball 1-0: Foul Ball, location: 2F 1-1: Ball 2-1: Ball 3-1: Ground out 4-3 (Groundball, 4)
|
Batting: RHB Frank Martínez
|
0-0: Swinging Strike 0-1: Hit by Pitch
|
Batting: RHB Nick Crosby
|
0-0: Ball 1-0: Ball 2-0: SINGLE (Line Drive, 8LS) Frank Martínez to second Runner from 2nd tries for 3rd, OUT!
|
Top of the 8th over - 0 run(s), 1 hit(s), 0 error(s), 1 left on base; Colorado 4 - Seattle 2 |
BOTTOM OF THE 8TH |
Seattle Rainiers batting - Pitching for Colorado Commanders : RHP Jesús Medina
|
Batting: RHB John Hill
|
0-0: Ball 1-0: Foul Ball, location: 2F 1-1: Swinging Strike 1-2: Fly out, F9 (Flyball, 9D)
|
Batting: RHB Alfredo Farías
|
0-0: Ball 1-0: Ball 2-0: Ball 3-0: Called Strike 3-1: Fly out, F4 (Popup, 4D)
|
Batting: LHB Mike White
|
0-0: Ball 1-0: Called Strike 1-1: Ball 2-1: Ball 3-1: SINGLE (Line Drive, 6MD)
|
Batting: RHB Enrique Mendoza
|
0-0: 2-RUN HOME RUN (Flyball, 7D), Distance : 377 ft
|
Batting: LHB Alan Moore
|
0-0: Ball 1-0: SINGLE (Flyball, 8LS)
|
Pinch Runner at 1st António Martínez:
|
|
Batting: RHB Robert Marks
|
0-0: Hit by Pitch António Martínez to second
|
Pinch Runner at 1st Jacob Hill:
|
|
Batting: LHB Will Hill
|
0-0: Ball 1-0: Ball 2-0: Called Strike 2-1: Ball 3-1: Base on Balls António Martínez to third Jacob Hill to second
|
Pinch Hitting: RHB Vincent Braun
|
0-0: Ball 1-0: Called Strike 1-1: Ball 2-1: Swinging Strike 2-2: DOUBLE (Line Drive, 7LD) António Martínez scores Jacob Hill scores Will Hill to third Runner from 3rd tries for Home, SAFE, no throw or cutoff
|
Pitching: LHP Pedro Beltrán
|
|
Batting: RHB Albert Cordero
|
0-0: Called Strike 0-1: Ball 1-1: Swinging Strike 1-2: Strikes out swinging
|
Bottom of the 8th over - 5 run(s), 4 hit(s), 0 error(s), 1 left on base; Colorado 4 - Seattle 7 |
TOP OF THE 9TH |
Colorado Commanders batting - Pitching for Seattle Rainiers : RHP Dani Vásquez
|
Pitching: RHP Jim Thompson
|
|
Now at C: Jacob Hill
|
|
Now at 1B: Vincent Braun
|
|
Now at 2B: Emílio Cervantes
|
|
Now at SS: Jorge Colón
|
|
Batting: RHB Adam Reeves
|
0-0: Ball 1-0: Called Strike 1-1: Ball 2-1: Foul Ball, location: 2F 2-2: Ball 3-2: Strikes out looking
|
Batting: RHB Tim Adkins
|
0-0: Swinging Strike 0-1: Ball 1-1: Ground out 5-3 (Groundball, 56)
|
Batting: RHB Alberto Soto
|
0-0: Called Strike 0-1: Called Strike 0-2: Ball 1-2: Strikes out swinging
|
Top of the 9th over - 0 run(s), 0 hit(s), 0 error(s), 0 left on base; Colorado 4 - Seattle 7 |
|
Monday, December 5th, 2016 - OOTP Baseball 17.12 Build 75
|
|